 Dungeon Crawl Stone Soup version 0.19.5 (webtiles) character file.

61 devil0150 the Magician (level 3, 0/21 HPs)
             Began as a High Elf Wizard on Apr 11, 2017.
             Succumbed to an adder's poison
             ... on level 4 of the Dungeon.
             The game lasted 00:06:05 (1956 turns).

devil0150 the Magician (High Elf Wizard)            Turns: 1956, Time: 00:06:06

Health: 0/21       AC:  5    Str:  8    XL:     3   Next: 83%
Magic:  2/9        EV: 12    Int: 25    God:
Gold:   45         SH:  0    Dex: 13    Spells: 3 memorised, 7 levels left

rFire  . . .     SeeInvis .     h - +0 dagger
rCold  . . .     Gourm    .     a - +0 robe
rNeg   . . .     Faith    .     (no shield)
rPois  .         Spirit   .     b - +0 hat
rElec  .         Reflect  .     (no cloak)
rCorr  .         Harm     .     f - +2 pair of gloves {archery}
MR     .....                    (no boots)
Stlth  ++........               (no amulet)
                                (no ring)
                                (no ring)

@: lethally poisoned (0 -> -5)
A: clever 1, low mp 1, strong 1
a: no special abilities


You were on level 4 of the Dungeon.
You were not hungry.

You visited 1 branch of the dungeon, and saw 4 of its levels.

You collected 45 gold pieces.

Inventory:

Hand Weapons
 h - a +0 dagger (weapon)
Armour
 a - a +0 robe (worn)
 b - a +0 hat (worn)
 f - a +2 pair of gloves of archery (worn)
 j - a cursed -1 robe
Scrolls
 g - a scroll of amnesia
Potions
 e - 2 potions of brilliance
 l - a potion of mutation
Books
 c - a book of Minor Magic

   Spells                             Type                      Level
   a - Magic Dart                     Conjuration                  1
   b - Blink                          Translocation                2
   c - Call Imp                       Summoning                    2
   d - Repel Missiles                 Charms/Air                   2
   e - Slow                           Hexes                        2
   f - Conjure Flame                  Conjuration/Fire             3
   g - Mephitic Cloud                 Conjuration/Poison/Air       3
Comestibles
 d - 2 bread rations
 i - a beef jerky
 k - 2 chunks of flesh


   Skills:
 + Level 2.3 Dodging
 + Level 2.4 Stealth
 + Level 5.1 Spellcasting
 + Level 1.7 Conjurations
 + Level 0.8 Summonings
 + Level 1.1 Translocations


You had 7 spell levels left.
You knew the following spells:

 Your Spells              Type           Power        Failure   Level  Hunger
a - Magic Dart            Conj           ##..         6%          1    None
b - Call Imp              Summ           ##......     10%         2    None
c - Blink                 Tloc           N/A          10%         2    None


Dungeon Overview and Level Annotations

Branches:
Dungeon (4/15)
 Temple: D:4-7

Altars:
Xom

Annotations:
D:2 Robin


Innate Abilities, Weirdness & Mutations

Your mind is acute. (Int +2)
Your magical capacity is low. (-10% MP)
Your muscles are strong. (Str +2)


Message History

Unknown command.
Okay, then.
Okay, then.
* * * LOW HITPOINT WARNING * * *
You feel sick.
Found 5 gold pieces.
You hit the adder.
The adder is moderately wounded.
* * * LOW HITPOINT WARNING * * *
You feel sick. The adder barely misses you.
You barely miss the adder.
The adder is moderately wounded.
Your crimson imp blinks!
The adder closely misses you.
You miss the adder.
The adder is moderately wounded.
The adder closely misses you. The adder barely misses you.
You barely miss the adder.
The adder is moderately wounded.
You die...

#...
#%..
#?..
#...
#...
#...##
#....##
#...@.#
#...#S##
##.##.[#
#.. ##.#
#.. #.##
#.# #..#
.. ##.#
.$ #.#
#.#####


You could see an adder.

Vanquished Creatures
  A gnoll (D:1)
  An adder (D:2)
  An ooze (D:1)
  A leopard gecko (D:2)
  3 giant cockroaches
  8 goblins
  5 hobgoblins
  3 jackals (D:1)
  3 kobolds (D:1)
  A bat (D:1)
  5 frilled lizards
  3 rats (D:1)
35 creatures vanquished.

Notes
Turn   | Place    | Note
-------+----------+-------------------------------------------
     0 | D:1      | devil0150 the High Elf Wizard began the quest for the Orb.
     0 | D:1      | Reached XP level 1. HP: 11/11 MP: 6/6
     7 | D:1      | Reached skill level 4 in Spellcasting
     7 | D:1      | Reached XP level 2. HP: 17/17 MP: 1/8
   902 | D:1      | Learned a level 2 spell: Call Imp
   905 | D:1      | Learned a level 2 spell: Blink
   927 | D:1      | Reached XP level 3. HP: 21/21 MP: 0/10
  1117 | D:1      | Found a shimmering altar of Xom.
  1463 | D:2      | Reached skill level 5 in Spellcasting
  1885 | D:2      | Noticed Robin
  1951 | D:4      | Gained mutation: Your mind is acute. (Int +2) [potion of mutation]
  1951 | D:4      | Gained mutation: Your muscles are strong. (Str +2) [potion of mutation]
  1951 | D:4      | Gained mutation: Your magical capacity is low. (-10% MP) [potion of mutation]
  1953 | D:4      | HP: 1/21 [poisoned by an adder]
  1956 | D:4      | Succumbed to an adder's poison

Skill      XL: |  1  2  3 |
---------------+----------+-----
Spellcasting   | 4 5 |  5.1
Dodging        | |  2.3
Stealth        | |  2.4
Conjurations   | |  1.7
Summonings     | |  0.8
Translocations | |  1.1

Action                   || total
-------------------------++-------
Melee: Dagger            ||     9
 Cast: Magic Dart        ||    96
       Blink             ||     2
       Call Imp          ||     1
  Use: Scroll            ||     9
       Potion            ||     1
  Eat: Chunk             ||     3
Armor: Robe              ||     7
Dodge: Dodged            ||    50
